 Dungeon Crawl Stone Soup version 0.27-a0-1555-g0e7b3fb1d2 (webtiles) character file.

Game seed: 6927668769438244921

36 Anon1729 the Sneak (level 3, -2/19 HPs)
             Began as a Kobold Air Elementalist on July 14, 2021.
             Slain by a rat (3 damage)
             ... on level 1 of the Dungeon.
             The game lasted 00:04:00 (1219 turns).

Anon1729 the Sneak (Kobold Air Elementalist)        Turns: 1219, Time: 00:04:00

Health: -2/19      AC:  2    Str:  5    XL:     3   Next: 57%
Magic:  0/6        EV: 15    Int: 17    God:
Gold:   44         SH:  0    Dex: 15    Spells: 1/7 levels left

rFire    . . .     SeeInvis .   b - +0 short sword
rCold    . . .     Faith    .   (shield restricted)
rNeg     + . .     Spirit   .   a - +0 robe
rPois    .         Reflect  .   (no helmet)
rElec    .         Harm     .   (no cloak)
rCorr    .         Rampage  .   (no gloves)
Will     .....                  (no boots)
Stlth    +++.......             (no amulet)
HPRegen  0.06/turn              c - ring of positive energy
MPRegen  0.10/turn              (no ring)

@: no status effects
A: small, no large weapons, nightstalker 3
a: no special abilities


You were on level 1 of the Dungeon.
You visited 1 branch of the dungeon, and saw 1 of its levels.

You collected 44 gold pieces.

Inventory:

Hand Weapons
 b - a +0 short sword (weapon)
Armour
 a - a +0 robe (worn)
Jewellery
 c - a ring of positive energy (left hand)
Scrolls
 d - 2 scrolls of identify {unknown}
 e - a scroll of teleportation {unknown}
 f - a scroll of brand weapon {unknown}


   Skills:
 + Level 2.9 Dodging
 + Level 3.3 Stealth
 + Level 2.6 Spellcasting
 + Level 1.6 Conjurations
 + Level 3.2 Air Magic


You had one spell level left.
You knew the following spells:

 Your Spells              Type           Power      Damage    Failure   Level
a - Shock                 Conj/Air       40%        1d5       7%          1
b - Static Discharge      Conj/Air       10%        N/A       10%         2
c - Swiftness             Air            13%        N/A       14%         3

Your spell library contained the following spells:

 Spells                   Type           Power      Damage    Failure   Level
 Conjure Flame            Conj/Fire      4%         6-21      36%         3
 Airstrike                Air            6%         N/A       43%         4
 Ignite Poison            Fire/Tmut/Pois 2%         N/A       50%         3
 Sticky Flame             Conj/Fire      4%         2d3       78%         4


Dungeon Overview and Level Annotations

Branches:
Dungeon (1/15)

Altars:


Innate Abilities, Weirdness & Mutations

You are small and have problems with some larger weapons.
You are completely attuned to the shadows.


Message History

Aim: a jackal (60% to hit)
The zap hits the jackal.
The jackal is severely wounded.
The zap hits the jackal.
The jackal is moderately wounded.
The zap hits the ball python.
You kill the ball python!
The jackal bites you.
* * * LOW HITPOINT WARNING * * *
Casting: Shock (safe; 7% risk of failure)
Confirm with . or Enter, or press ? or * to list all spells.
Aiming: Shock (safe; 7% risk of failure)
Press: ? - help, Shift-Dir - straight line, f/p - jackal
Aim: a jackal (severely wounded, 60% to hit)
The zap hits the jackal.
You kill the jackal!
The zap hits the jackal.
You kill the jackal!
The zap hits the jackal.
The jackal is lightly wounded.
Casting: Shock (safe; 7% risk of failure)
Confirm with . or Enter, or press ? or * to list all spells.
Aiming: Shock (safe; 7% risk of failure)
Press: ? - help, Shift-Dir - straight line, f - jackal
Aim: a jackal (lightly wounded, 60% to hit)
The zap hits the jackal but does no damage.
The jackal is lightly wounded.
The jackal closely misses you.
Casting: Shock (safe; 7% risk of failure)
Confirm with . or Enter, or press ? or * to list all spells.
Aiming: Shock (safe; 7% risk of failure)
Press: ? - help, Shift-Dir - straight line, p - jackal The zap misses the jackal. x2; The jackal completely misses you.
The jackal closely misses you. The jackal bites you.
* * * LOW HITPOINT WARNING * * *
The rat bites you.
* * * LOW HITPOINT WARNING * * *
The rat bites you.
You die...

......J###.#.lK......##.######...
#....#(###.##..#........# #....
.....#...............#### #....
.....#.............#.########....
.................#.............##
###..........).....#####.....#
..........S......######.....#
...###.#[####.).............#
_###.###.#.#..@....##.###.....#
.......h.....hr...............#
......##......#†#....###.######
...).....#...##†#......>..#####
.###..r#.....##.######.........
....)..#.....#..# ##..######
.........#.....#### ##.....###
.........#...)....###........#
......................)......#


You could see a jackal and a rat.

Vanquished Creatures
  An endoplasm (D:1)
  A goblin (D:1)
  5 hobgoblins (D:1)
  7 jackals (D:1)
  6 ball pythons (D:1)
  2 bats (D:1)
  3 frilled lizards (D:1)
  7 kobolds (D:1)
  2 rats (D:1)
34 creatures vanquished.

Notes
Turn   | Place    | Note
-------+----------+-------------------------------------------
     0 | D:1      | Anon1729 the Kobold Air Elementalist began the quest for
                  | the Orb.
     0 | D:1      | Reached XP level 1. HP: 10/10 MP: 3/3
   270 | D:1      | Reached XP level 2. HP: 4/15 MP: 1/5
   800 | D:1      | Reached XP level 3. HP: 18/19 MP: 6/6
   957 | D:1      | Learned a level 2 spell: Static Discharge
   961 | D:1      | Learned a level 3 spell: Swiftness
  1132 | D:1      | Found a faded altar of an unknown god.
  1219 | D:1      | Slain by a rat

Illustrated notes

Levels and vault maps discovered:
D:1:      amcnicky_arrival_double_pillar, layout_rooms,
          hellmonk_ecumenical_altar_lost_god

Skill      XL: |  1  2 |
---------------+-------+-----
Stealth        | 3 |  3.3
Dodging        | |  2.9
Spellcasting   | |  2.6
Conjurations   | |  1.6
Air Magic      | |  3.2

Action                   || total
-------------------------++-------
Melee: Short sword       ||    43
       Unarmed           ||     1
 Cast: Shock             ||    59
 Stab: Distracted        ||     1
Armor: Robe              ||    18
Dodge: Dodged            ||    86

Table legend: (Time is in decaauts)
 A = Elapsed time spent in this place.
 B = Non-inter-level travel time spent in this place.
 C = Inter-level travel time spent in this place.
 D = Time resting spent in this place.
 E = Time spent auto-exploring this place.
 F = Levels seen in this place.
 G = Mean time per level.
                   A        B        C        D        E       F      G
               +--------+--------+--------+--------+--------+-----+--------+
         Total |   1222 |   1222 |      0 |    350 |    622 |   1 | 1222.0 |
       Dungeon |   1222 |   1222 |      0 |    350 |    622 |   1 | 1222.0 |
               +--------+--------+--------+--------+--------+-----+--------+

Top non-repeatable levels by time:
     D:1: 1222 daAuts
